TOP OF THE 1ST |
Toronto Blue Jays batting - Pitching for Minnesota Twins : RHP Gerbrand van de Bilt
|
Pitching: RHP Gerbrand van de Bilt
|
|
Batting: SHB Matt Altieri
|
0-0: Foul Ball, location: 2F 0-1: Ball 1-1: Ground out U3 (Groundball, 3, EV 103.1 MPH)
|
Batting: LHB Michael Byrd
|
0-0: SINGLE (Groundball, 34D, EV 101.2 MPH)
|
Batting: LHB Jon Schick
|
0-0: Ball 1-0: Called Strike 1-1: Ball 2-1: Foul Ball, location: 2F 2-2: Strikes out swinging
|
Batting: LHB Willis Robles
|
0-0: Called Strike Michael Byrd steals 2nd base 0-1: Foul Ball, location: 2F 0-2: Ball 1-2: Foul Ball, location: 2F 1-2: Strikes out swinging
|
Top of the 1st over - 0 runs, 1 hit, 0 errors, 1 left on base; Toronto 0 - Minnesota 0 |
BOTTOM OF THE 1ST |
Minnesota Twins batting - Pitching for Toronto Blue Jays : RHP Zack Rust
|
Pitching: RHP Zack Rust
|
|
Batting: LHB Peer Derks
|
0-0: Ball 1-0: Ball 2-0: Fly out, F4 (Popup, 13S, EV 85.6 MPH)
|
Batting: RHB Miguel Diaz
|
0-0: Ball 1-0: Ball 2-0: Fly out, F8 (Flyball, 78XD, EV 102.5 MPH)
|
Batting: LHB Per Meulengracht
|
0-0: Ground out 4-3 (Groundball, 4MS, EV 87.5 MPH)
|
Bottom of the 1st over - 0 runs, 0 hits, 0 errors, 0 left on base; Toronto 0 - Minnesota 0 |
TOP OF THE 2ND |
Toronto Blue Jays batting - Pitching for Minnesota Twins : RHP Gerbrand van de Bilt
|
Batting: SHB Zory Larikov
|
0-0: Called Strike 0-1: Swinging Strike 0-2: Strikes out swinging
|
Batting: RHB David Casas
|
0-0: Ball 1-0: Swinging Strike 1-1: Fly out, F3 (Popup, 3F, EV 51.9 MPH)
|
Batting: LHB Nate Dean
|
0-0: Swinging Strike 0-1: Fly out, F7 (Line Drive, 78M, EV 90.0 MPH)
|
Top of the 2nd over - 0 runs, 0 hits, 0 errors, 0 left on base; Toronto 0 - Minnesota 0 |
BOTTOM OF THE 2ND |
Minnesota Twins batting - Pitching for Toronto Blue Jays : RHP Zack Rust
|
Batting: LHB Chaim Huting
|
0-0: Foul Ball, location: 2F 0-1: Ground out 5-3 (Groundball, 5, EV 95.0 MPH)
|
Batting: SHB Bran Stark
|
0-0: Ball 1-0: Foul Ball, location: 2F 1-1: Ball 2-1: Foul Ball, location: 2F 2-2: Strikes out swinging, 2-3 out at first.
|
Batting: RHB Jesse Scott
|
0-0: Ball 1-0: Called Strike 1-1: Ball 2-1: Foul Ball, location: 2F 2-2: DOUBLE (Line Drive, 3D, EV 104.4 MPH)
|
Batting: RHB José Molina
|
0-0: Called Strike 0-1: Swinging Strike 0-2: Ball 1-2: Ball 2-2: Ball 3-2: Ground out 1-3 (Groundball, 25, EV 67.5 MPH)
|
Bottom of the 2nd over - 0 runs, 1 hit, 0 errors, 1 left on base; Toronto 0 - Minnesota 0 |
TOP OF THE 3RD |
Toronto Blue Jays batting - Pitching for Minnesota Twins : RHP Gerbrand van de Bilt
|
Batting: RHB Donny Burnside
|
0-0: Called Strike 0-1: Foul Ball, location: 2F 0-2: Ground out 2-3 (Groundball, 15S, EV 68.1 MPH)
|
Batting: RHB Kirk Arp
|
0-0: Fly out, F2 (Popup, 2LF, EV 85.0 MPH)
|
Batting: SHB Matt Altieri
|
0-0: Ball 1-0: Called Strike 1-1: Foul Ball, location: 2F 1-2: Ball 2-2: Foul Ball, location: 2F 2-2: Ground out 1-3 (Groundball, 34S, EV 68.8 MPH)
|
Top of the 3rd over - 0 runs, 0 hits, 0 errors, 0 left on base; Toronto 0 - Minnesota 0 |
BOTTOM OF THE 3RD |
Minnesota Twins batting - Pitching for Toronto Blue Jays : RHP Zack Rust
|
Batting: RHB Alex Sandoval
|
0-0: Ball 1-0: Foul Ball, location: 2F 1-1: DOUBLE (Line Drive, 9LS, EV 100.0 MPH)
|
Batting: RHB Sean Gould
|
0-0: Ball 1-0: Fly out, F4 (Flyball, 4D, EV 88.1 MPH)
|
Batting: LHB Peer Derks
|
0-0: Called Strike 0-1: Called Strike 0-2: Ball 1-2: Ball 2-2: Fly out, F8 (Flyball, 8RD, EV 104.4 MPH)
|
Batting: RHB Miguel Diaz
|
0-0: Called Strike 0-1: Called Strike 0-2: Ball 1-2: SINGLE (Groundball, 25, EV 63.1 MPH) (infield hit) Alex Sandoval to third
|
Batting: LHB Per Meulengracht
|
0-0: Ground out 1-3 (Groundball, 15, EV 71.2 MPH)
|
Bottom of the 3rd over - 0 runs, 2 hits, 0 errors, 2 left on base; Toronto 0 - Minnesota 0 |
TOP OF THE 4TH |
Toronto Blue Jays batting - Pitching for Minnesota Twins : RHP Gerbrand van de Bilt
|
Batting: LHB Michael Byrd
|
0-0: Ball 1-0: Ball 2-0: Called Strike 2-1: Foul Ball, location: 2F 2-2: Ball 3-2: SINGLE (Line Drive, 6MD, EV 97.5 MPH)
|
Batting: LHB Jon Schick
|
0-0: Called Strike Michael Byrd is caught stealing 2nd base 2-6 0-1: Called Strike 0-2: Ball 1-2: Fly out, F7 (Line Drive, 7LM, EV 92.5 MPH)
|
Batting: LHB Willis Robles
|
0-0: Called Strike 0-1: Ball 1-1: Called Strike 1-2: Ball 2-2: Foul Ball, location: 2F 2-2: Fly out, F8 (Line Drive, 8LD, EV 89.4 MPH)
|
Top of the 4th over - 0 runs, 1 hit, 0 errors, 0 left on base; Toronto 0 - Minnesota 0 |
BOTTOM OF THE 4TH |
Minnesota Twins batting - Pitching for Toronto Blue Jays : RHP Zack Rust
|
Batting: LHB Chaim Huting
|
0-0: Swinging Strike 0-1: Ball 1-1: Called Strike 1-2: Foul Ball, location: 2F 1-2: Foul Ball, location: 2F 1-2: Ball 2-2: Foul Ball, location: 2F 2-2: Ball 3-2: DOUBLE (Line Drive, 9LD, EV 100.6 MPH)
|
Batting: SHB Bran Stark
|
0-0: Ball 1-0: Ball 2-0: Swinging Strike 2-1: Swinging Strike 2-2: Ball 3-2: Ground out U3 (Groundball, 3, EV 105.6 MPH) Chaim Huting to third
|
Batting: RHB Jesse Scott
|
0-0: Swinging Strike 0-1: Swinging Strike 0-2: Ball 1-2: Ball 2-2: Ball 3-2: Foul Ball, location: 2F 3-2: Base on Balls
|
Batting: RHB José Molina
|
0-0: Called Strike 0-1: Foul Ball, location: 2F 0-2: Fly out, F7 (Flyball, 7, EV 96.2 MPH)
|
Batting: RHB Alex Sandoval
|
0-0: Called Strike 0-1: Ball 1-1: Foul Ball, location: 2F 1-2: Strikes out looking
|
Bottom of the 4th over - 0 runs, 1 hit, 0 errors, 2 left on base; Toronto 0 - Minnesota 0 |
TOP OF THE 5TH |
Toronto Blue Jays batting - Pitching for Minnesota Twins : RHP Gerbrand van de Bilt
|
Batting: SHB Zory Larikov
|
0-0: Called Strike 0-1: SINGLE (Groundball, 34D, EV 98.8 MPH)
|
Batting: RHB David Casas
|
0-0: Called Strike 0-1: Ball 1-1: Ball 2-1: Ball 3-1: Foul Ball, location: 2F 3-2: 2-RUN HOME RUN (Flyball, 7D, EV 96.2 MPH), Distance : 373 ft
|
Batting: LHB Nate Dean
|
0-0: Foul Ball, location: 2F 0-1: Ball 1-1: Ball 2-1: Foul Ball, location: 2F 2-2: SINGLE (Line Drive, 7S, EV 101.2 MPH)
|
Batting: RHB Donny Burnside
|
0-0: Swinging Strike 0-1: Ball 1-1: Foul Ball, location: 2F 1-2: Strikes out swinging
|
Batting: RHB Kirk Arp
|
0-0: Called Strike 0-1: Ball 1-1: Ball 2-1: Called Strike 2-2: Ball 3-2: Foul Ball, location: 2F 3-2: Base on Balls Nate Dean to second
|
Batting: SHB Matt Altieri
|
0-0: Ball 1-0: SINGLE (Groundball, 6MS, EV 66.9 MPH) (infield hit) Nate Dean to third Kirk Arp to second
|
Batting: LHB Michael Byrd
|
0-0: Ball 1-0: Swinging Strike 1-1: Swinging Strike 1-2: Strikes out swinging
|
Batting: LHB Jon Schick
|
0-0: Ball 1-0: SINGLE (Line Drive, 4M, EV 94.4 MPH) Nate Dean scores Kirk Arp to third Matt Altieri to second Runner from 3rd tries for Home, SAFE, throw by CF to home
|
Batting: LHB Willis Robles
|
0-0: Ball 1-0: Called Strike 1-1: Ball 2-1: Ball 3-1: Base on Balls Matt Altieri to third Jon Schick to second
|
Batting: SHB Zory Larikov
|
0-0: Called Strike 0-1: Called Strike 0-2: Foul Ball, location: 2F 0-2: Ball 1-2: Ball Wild Pitch! Matt Altieri scores Jon Schick to third Willis Robles to second 2-2: Foul Ball, location: 2F 2-2: Strikes out swinging
|
Top of the 5th over - 5 runs, 5 hits, 0 errors, 2 left on base; Toronto 5 - Minnesota 0 |
BOTTOM OF THE 5TH |
Minnesota Twins batting - Pitching for Toronto Blue Jays : RHP Zack Rust
|
Batting: RHB Sean Gould
|
0-0: Ball 1-0: Foul Ball, location: 2F 1-1: Foul Ball, location: 2F 1-2: Strikes out swinging
|
Batting: LHB Peer Derks
|
0-0: Ball 1-0: Foul Ball, location: 2F 1-1: Ball 2-1: Foul Ball, location: 2F 2-2: Foul Ball, location: 2F 2-2: Ball 3-2: Foul Ball, location: 2F 3-2: Base on Balls
|
Batting: RHB Miguel Diaz
|
0-0: Hit by Pitch Peer Derks to second
|
Pinch Runner at 1st Steve Jordan:
|
|
Batting: LHB Per Meulengracht
|
0-0: Foul Ball, location: 2F 0-1: SINGLE (Groundball, 6M, EV 108.8 MPH) (infield hit) Peer Derks to third Steve Jordan to second
|
Batting: LHB Chaim Huting
|
0-0: Ball 1-0: Ball 2-0: Ball 3-0: Called Strike 3-1: Base on Balls Peer Derks scores Steve Jordan to third Per Meulengracht to second
|
Batting: SHB Bran Stark
|
0-0: Ball 1-0: Called Strike 1-1: Ground out U3 (Groundball, 3L, EV 111.2 MPH) Steve Jordan scores Per Meulengracht to third Chaim Huting to second
|
Batting: RHB Jesse Scott
|
0-0: Fly out, F8 (Flyball, 8LM, EV 90.6 MPH)
|
Bottom of the 5th over - 2 runs, 1 hit, 0 errors, 2 left on base; Toronto 5 - Minnesota 2 |
TOP OF THE 6TH |
Toronto Blue Jays batting - Pitching for Minnesota Twins : RHP Gerbrand van de Bilt
|
Batting: RHB David Casas
|
0-0: Ball 1-0: Ball 2-0: Ball 3-0: Base on Balls
|
Batting: LHB Nate Dean
|
0-0: Ball 1-0: Bunted foul 1-1: Ball 2-1: Bunt missed! 2-2: DOUBLE (Flyball, 7D, EV 104.4 MPH) David Casas to third
|
Batting: RHB Donny Burnside
|
0-0: Called Strike 0-1: Ball 1-1: Foul Ball, location: 2F 1-2: Fly out, F9 (Line Drive, 9, EV 90.6 MPH) Runner from 3rd tags up, OUT at HOME! 9-2 Nate Dean to third
|
Batting: RHB Kirk Arp
|
0-0: Swinging Strike 0-1: Foul Ball, location: 2F 0-2: Ball 1-2: Ball 2-2: Strikes out swinging
|
Top of the 6th over - 0 runs, 1 hit, 0 errors, 1 left on base; Toronto 5 - Minnesota 2 |
BOTTOM OF THE 6TH |
Minnesota Twins batting - Pitching for Toronto Blue Jays : RHP Zack Rust
|
Batting: RHB José Molina
|
0-0: Ball 1-0: SINGLE (Groundball, 56D, EV 106.2 MPH)
|
Batting: RHB Alex Sandoval
|
0-0: Called Strike José Molina steals 2nd base 0-1: Swinging Strike 0-2: Ball 1-2: Ball 2-2: Fly out, F8 (Line Drive, 8RD, EV 95.6 MPH)
|
Batting: RHB Sean Gould
|
0-0: Called Strike 0-1: Ground out 5-3 (Groundball, 5, EV 83.8 MPH)
|
Batting: LHB Peer Derks
|
0-0: Ball 1-0: Called Strike 1-1: Ball 2-1: Ball 3-1: Foul Ball, location: 2F 3-2: Foul Ball, location: 2F 3-2: SINGLE (Groundball, 4MD, EV 97.5 MPH) José Molina to third Runner from 3rd tries for Home, SAFE, throw by CF to home
|
Pitching: LHP Keith Pratt
|
|
Batting: RHB Steve Jordan
|
0-0: Ball 1-0: Foul Ball, location: 2F 1-1: Swinging Strike 1-2: Ground out 1-3 (Groundball, P, EV 66.2 MPH)
|
Bottom of the 6th over - 1 run, 2 hits, 0 errors, 1 left on base; Toronto 5 - Minnesota 3 |
TOP OF THE 7TH |
Toronto Blue Jays batting - Pitching for Minnesota Twins : RHP Gerbrand van de Bilt
|
Pitching: LHP Josh Langguth
|
|
Batting: SHB Matt Altieri
|
0-0: Ball 1-0: Foul Ball, location: 2F 1-1: Hit by Pitch
|
Batting: LHB Michael Byrd
|
0-0: Called Strike 0-1: Foul Ball, location: 2F 0-2: Ball 1-2: Foul Ball, location: 2F 1-2: Ball 2-2: Foul Ball, location: 2F 2-2: Fly out, F8 (Flyball, 8LM, EV 78.8 MPH)
|
Batting: LHB Jon Schick
|
0-0: Fielders Choice at 2nd, 3-6 (Groundball, 3, EV 84.4 MPH)
|
Batting: LHB Willis Robles
|
0-0: Foul Ball, location: 2F 0-1: Ball 1-1: Ground out 4-3 (Groundball, 4S, EV 75.0 MPH)
|
Top of the 7th over - 0 runs, 0 hits, 0 errors, 1 left on base; Toronto 5 - Minnesota 3 |
BOTTOM OF THE 7TH |
Minnesota Twins batting - Pitching for Toronto Blue Jays : LHP Keith Pratt
|
Batting: LHB Per Meulengracht
|
0-0: Ball 1-0: Foul Ball, location: 2F 1-1: Ball 2-1: Ball 3-1: Called Strike 3-2: Foul Ball, location: 2F 3-2: Base on Balls
|
Pinch Hitting: RHB J.J. Powers
|
0-0: Ball Per Meulengracht is caught stealing 2nd base 2-4 1-0: Ground out 1-3 (Groundball, 13S, EV 66.2 MPH)
|
Batting: SHB Bran Stark
|
0-0: Ball 1-0: Ball 2-0: Ball 3-0: Called Strike 3-1: Foul Ball, location: 2F 3-2: Ground out 1-3 (Groundball, 13, EV 68.8 MPH)
|
Bottom of the 7th over - 0 runs, 0 hits, 0 errors, 0 left on base; Toronto 5 - Minnesota 3 |
TOP OF THE 8TH |
Toronto Blue Jays batting - Pitching for Minnesota Twins : LHP Josh Langguth
|
Pitching: RHP Willie Nieto
|
|
Now in LF: Hildo Pot
|
|
Batting: SHB Zory Larikov
|
0-0: Called Strike 0-1: Swinging Strike 0-2: DOUBLE (Groundball, 3L, EV 104.4 MPH)
|
Batting: RHB David Casas
|
0-0: Called Strike 0-1: Swinging Strike 0-2: Foul Ball, location: 2F 0-2: Foul Ball, location: 2F 0-2: Strikes out swinging
|
Batting: LHB Nate Dean
|
0-0: Called Strike 0-1: Called Strike Zory Larikov is caught stealing 3rd base 2-5 0-2: Strikes out looking
|
Top of the 8th over - 0 runs, 1 hit, 0 errors, 0 left on base; Toronto 5 - Minnesota 3 |
BOTTOM OF THE 8TH |
Minnesota Twins batting - Pitching for Toronto Blue Jays : LHP Keith Pratt
|
Pitching: RHP Hoof Harted
|
|
Batting: RHB Jesse Scott
|
0-0: Ball 1-0: Swinging Strike 1-1: Fly out, F4 (Popup, 13, EV 79.4 MPH)
|
Batting: RHB José Molina
|
0-0: Ball 1-0: DOUBLE (Line Drive, 89XD, EV 108.8 MPH)
|
Batting: RHB Alex Sandoval
|
0-0: Ball 1-0: Called Strike 1-1: Swinging Strike 1-2: Strikes out swinging
|
Batting: RHB Sean Gould
|
0-0: Ball 1-0: Ball 2-0: Called Strike 2-1: Fly out, F8 (Flyball, 8RM, EV 90.6 MPH)
|
Bottom of the 8th over - 0 runs, 1 hit, 0 errors, 1 left on base; Toronto 5 - Minnesota 3 |
TOP OF THE 9TH |
Toronto Blue Jays batting - Pitching for Minnesota Twins : RHP Willie Nieto
|
Batting: RHB Donny Burnside
|
0-0: Ground out 6-3 (Groundball, 6, EV 83.8 MPH)
|
Batting: RHB Kirk Arp
|
0-0: SINGLE (Groundball, 6S, EV 61.2 MPH) (infield hit)
|
Batting: SHB Matt Altieri
|
0-0: Ball Kirk Arp is caught stealing 2nd base 2-6 1-0: Foul Ball, location: 2F 1-1: Ball 2-1: Foul Ball, location: 2F 2-2: SINGLE (Groundball, 15S, EV 67.5 MPH) (infield hit)
|
Batting: LHB Michael Byrd
|
0-0: SINGLE (Groundball, 4MS, EV 70.0 MPH) (infield hit) Matt Altieri to second
|
Batting: LHB Jon Schick
|
0-0: Foul Ball, location: 2F 0-1: Swinging Strike 0-2: Foul Ball, location: 2F 0-2: Ball 1-2: Foul Ball, location: 2F 1-2: Ball 2-2: Foul Ball, location: 2F 2-2: Strikes out looking
|
Top of the 9th over - 0 runs, 3 hits, 0 errors, 2 left on base; Toronto 5 - Minnesota 3 |
BOTTOM OF THE 9TH |
Minnesota Twins batting - Pitching for Toronto Blue Jays : RHP Hoof Harted
|
Batting: LHB Peer Derks
|
0-0: Ball 1-0: Ball 2-0: Called Strike 2-1: Fly out, F6 (Popup, 6S, EV 76.2 MPH)
|
Batting: RHB Steve Jordan
|
0-0: Ball 1-0: Swinging Strike 1-1: Ball 2-1: Called Strike 2-2: Ball 3-2: Fly out, F8 (Line Drive, 89M, EV 97.5 MPH)
|
Batting: LHB Per Meulengracht
|
0-0: Ball 1-0: Swinging Strike 1-1: Ball 2-1: Ball 3-1: Base on Balls
|
Batting: RHB Hildo Pot
|
0-0: Ball 1-0: Foul Ball, location: 2F 1-1: Foul Ball, location: 2F 1-2: Ball 2-2: Foul Ball, location: 2F 2-2: Foul Ball, location: 2F 2-2: Foul Ball, location: 2F 2-2: Fielders Choice at 2nd, 6-4 (Groundball, 6, EV 75.6 MPH)
|
Bottom of the 9th over - 0 runs, 0 hits, 0 errors, 1 left on base; Toronto 5 - Minnesota 3 |
|